 Dungeon Crawl Stone Soup version 0.31-a0-675-g238779eb0a (webtiles) character file.

Game seed: 547496505671372502

1939 Zeko the Grappler (level 8, -2/78 HPs)
             Began as a Troll Gladiator on Sept 5, 2023.
             Succumbed to a killer bee's poison
             ... on level 7 of the Dungeon.
             The game lasted 00:16:23 (3156 turns).

Zeko the Grappler (Troll Gladiator)                 Turns: 3156, Time: 00:16:23

Health: -2/78      AC:  5    Str: 25    XL:     8   Next: 97%
Magic:  7/7        EV: 11    Int:  4    God:
Gold:   252        SH:  0    Dex: 11    Spells: 7/7 levels left

rFire   . .          .
                       - Unarmed
rCold   . . .        (no shield)
rNeg    . . .        a - +0 robe
rPois   .            b - +0 hat
rElec   .            x - +0 cloak
rCorr   .            (gloves unavailable)
SInv    .            (boots unavailable)
Will    .....        (no amulet)
Stlth   +            (no ring)
HPRegen 1.13/turn    (no ring)
MPRegen 0.10/turn

%: no passive effects
@: lethally poisoned (-2 -> -12)
A: large, unfitting armour, claws 3, regeneration 1, shaggy fur 1, tough skin 1
a: no special abilities


You were on level 7 of the Dungeon.
You visited 2 branches of the dungeon, and saw 8 of its levels.

You collected 252 gold pieces.

Inventory:

Hand Weapons
 u - a +2 flail of protection
 v - the +7 flail of Vaatiu Baqa {heavy, rC+}
   (You found it on level 6 of the Dungeon)

   rC+:       It protects you from cold.
Missiles
 c - 3 throwing nets (quivered)
 d - a large rock
Armour
 a - a +0 robe (worn)
 b - a +0 hat (worn)
 g - a +0 barding
 m - a +2 ring mail of poison resistance
 s - a +0 helmet
 x - a +0 cloak (worn)
Talismans
 o - a blade talisman
Wands
 l - a wand of flame (8)
 y - a wand of iceblast (8)
Scrolls
 e - a scroll of amnesia {unknown}
 f - 5 scrolls of enchant armour {unknown}
 i - a scroll of torment {unknown}
 j - 3 scrolls of identify {unknown}
 p - 3 scrolls of blinking {unknown}
 q - a scroll of immolation {unknown}
 r - a scroll of revelation {unknown}
 t - a scroll of enchant weapon {unknown}
Potions
 h - a potion of haste {unknown}
 k - 2 potions of degeneration
 n - a potion of berserk rage {unknown}
 w - a potion of heal wounds


   Skills:
 + Level 4.1 Fighting
 + Level 2.1 Throwing
 + Level 5.0 Dodging
 + Level 1.0 Stealth
 + Level 9.5 Unarmed Combat
 + Level 0.1 Evocations


You had 7 spell levels left.
You didn't know any spells.
Your spell library contained the following spells:

 Spells                   Type           Power      Damage    Failure   Level
 Ensorcelled Hibernation  Hex/Ice        0%         N/A       65%         2
 Anguish                  Hex/Necr       0%         N/A       99%         4


Dungeon Overview and Level Annotations

Branches:
Dungeon (7/15)             Temple (1/1) D:6

Altars:
Cheibriados
Dithmenos
Elyvilon
Fedhas
Gozag
Hepliaklqana
Kikubaaqudgha
Makhleb
Nemelex Xobeh
Okawaru
Qazlal
Ru
Sif Muna
Trog
Uskayaw
Vehumet
Wu Jian
Xom
Yredelemnul
Zin
The Shining One

Shops:
D:4 *


Innate Abilities, Weirdness & Mutations

You are too large for most types of armour.
You have claws for hands.
Your natural rate of healing is unusually fast.
You are covered in fur. (AC +1)
You have tough skin. (AC +1)


Message History

The killer bee stings you.
The killer bee stings you but does no damage.
The killer bee stings you!
You are more poisoned.
The killer bee poisons you!
The killer bee stings you but does no damage.
The water moccasin closely misses you.
Unknown command.
You barely miss the killer bee.
You feel very sick.
The killer bee stings you but does no damage.
The killer bee stings you.
You are more poisoned.
The killer bee poisons you! The killer bee closely misses you.
The killer bee barely misses you.
The water moccasin bites you but does no damage.
The killer bee stings you. The killer bee misses you.
The killer bee stings you but does no damage.
The killer bee stings you.
* * * LOW HITPOINT WARNING * * *
Unknown command.
You mangle the killer bee!!
You kill the killer bee!
You feel very sick.
The water moccasin bites you but does no damage.
The killer bee stings you.
* * * LOW HITPOINT WARNING * * *
You are more poisoned.
The killer bee poisons you! The killer bee closely misses you. x2
Your Dodging skill increases to level 5!
Your Stealth skill increases to level 1!
* * * LOW HITPOINT WARNING * * *
You feel very sick.
The killer bee stings you but does no damage.
The killer bee stings you!
* * * LOW HITPOINT WARNING * * *
The killer bee stings you but does no damage.
The killer bee stings you.
* * * LOW HITPOINT WARNING * * *
You die...

.. #..... #..#.###
# ......#
#.###.#.#.#
.....#.#.# .
#....#.# ...
.####..y..<#)...(
......Sy.@........
#####..y.###......
.%........ ......
.........### .....
.......### .....
....... ####
....... .......


You could see a water moccasin and 3 killer bees.

Vanquished Creatures
  Eustachio (D:6)
  Edmund (D:6)
  2 water moccasins
  A sky beast (D:6)
  2 ogres (D:6)
  A centaur (D:6)
  2 phantoms
  A bullfrog (D:6)
  A scorpion (D:5)
  4 killer bees
  A crimson imp (D:5)
  4 hounds
  A jelly (D:4)
  An orc priest (D:5)
  A gnoll bouda (D:4)
  Ijyb (D:3)
  3 iguanas
  2 orc wizards (D:6)
  3 gnolls (D:3)
  10 adders
  8 river rats (D:6)
  2 white imps
  A worm (D:4)
  A dart slug (D:2)
  17 orcs
  2 bats
  5 endoplasms
  A giant cockroach (D:2)
  7 goblins
  5 hobgoblins
  A jackal (D:4)
  3 quokkas (D:3)
  5 ball pythons
  A frilled lizard (D:2)
  6 kobolds
  16 rats
124 creatures vanquished.

Notes
Turn   | Place    | Note
-------+----------+-------------------------------------------
     0 | D:1      | Zeko the Troll Gladiator began the quest for the Orb.
     0 | D:1      | Reached XP level 1. HP: 19/19 MP: 0/0
   163 | D:2      | Reached XP level 2. HP: 27/28 MP: 1/1
   205 | D:2      | Reached XP level 3. HP: 34/35 MP: 2/2
   400 | D:2      | You fall into a shaft and drop 1 floor!
   508 | D:3      | Noticed Ijyb
   517 | D:3      | Killed Ijyb
   566 | D:3      | Reached XP level 4. HP: 43/44 MP: 3/3
   607 | D:3      | Reached skill level 4 in Unarmed Combat
   760 | D:4      | Reached XP level 5. HP: 21/50 MP: 4/4
   804 | D:4      | Found Toaceif's Gadget Gallery.
  1081 | D:4      | Reached skill level 5 in Unarmed Combat
  1095 | D:4      | Reached XP level 6. HP: 55/59 MP: 5/5
  1391 | D:5      | Entered Level 5 of the Dungeon
  1609 | D:5      | Reached skill level 6 in Unarmed Combat
  1627 | D:5      | Noticed a water moccasin
  1645 | D:5      | Killed a water moccasin
  1646 | D:5      | Reached XP level 7. HP: 20/67 MP: 6/6
  1983 | D:6      | Reached skill level 7 in Unarmed Combat
  2055 | D:6      | Reached XP level 8. HP: 60/75 MP: 7/7
  2147 | D:6      | Noticed Edmund
  2163 | D:6      | Killed Edmund
  2164 | D:6      | Reached skill level 8 in Unarmed Combat
  2218 | D:6      | Identified the +7 flail of Vaatiu Baqa {heavy, rC+}
  2434 | D:6      | Found a staircase to the Ecumenical Temple.
  2441 | D:6      | Noticed Eustachio
  2464 | D:6      | Killed Eustachio
  2473 | D:6      | Reached skill level 9 in Unarmed Combat
  2515 | Temple   | Entered the Ecumenical Temple
  3155 | D:7      | Reached skill level 5 in Dodging
  3155 | D:7      | Reached skill level 1 in Stealth
  3155 | D:7      | HP: 1/78 [killer bee (3)]
  3156 | D:7      | Succumbed to a killer bee's poison

Illustrated notes

Levels and vault maps discovered:
D:1:      lemuel_arrival_river_ford, layout_basic, minmay_cupped
D:2:      layout_basic, reono_crystal_passage
D:3:      layout_loops_ring, ebering_ghost_sewer_d, kennysheep_generic_room_11,
          uniq_ijyb
D:4:      cheibrodos_barr_body, layout_cave_pools, minmay_misc_feat_x,
          nicolae_shop_gadgets
D:5:      layout_loops_corners, minmay_fire_ice_demons, uniq_sigmund
D:6:      nicolae_cairo_tiling_very_big, layout_basic, temple_statues,
          dk_rats_in_the_wall, uniq_edmund, uniq_eustachio
D:7:      layout_basic, nicolae_ashenzari_panopticon, uniq_crazy_yiuf_cottage
Temple:   mainiacjoe_temple_archimedes_tessellation

Skill      XL: |  1  2  3  4  5  6  7  8 |
---------------+-------------------------+-----
Fighting       | 2 3 4 |  4.1
Throwing       | 2 |  2.1
Unarmed Combat | 4 5 6 7 9 |  9.5
Dodging        | 3 4 5 |  5.0
Stealth        | 1 |  1.0
Evocations     | |  0.1

Action                     |  1- 3 |  4- 6 |  7- 9 || total
---------------------------+-------+-------+-------++-------
  Melee: Unarmed           |    52 |   110 |   141 ||   303
         Punch             |     1 |     2 |     4 ||     7
  Evoke: Wand              |       |     1 |       ||     1
    Use: Potion            |       |     3 |     1 ||     4
   Stab: Sleeping          |     1 |     1 |       ||     2
 Armour: Robe              |    67 |    98 |   155 ||   320
  Dodge: Dodged            |    49 |    73 |   110 ||   232

Table legend: (Time is in decaauts)
 A = Elapsed time spent in this place.
 B = Non-inter-level travel time spent in this place.
 C = Inter-level travel time spent in this place.
 D = Time resting spent in this place.
 E = Time spent auto-exploring this place.
 F = Levels seen in this place.
 G = Mean time per level.
                   A        B        C        D        E       F      G
               +--------+--------+--------+--------+--------+-----+--------+
         Total |   3119 |   2890 |    229 |     80 |      0 |   8 |  389.9 |
       Dungeon |   2835 |   2771 |     64 |     80 |      0 |   7 |  405.0 |
        Temple |    283 |    118 |    165 |      0 |      0 |   1 |  283.0 |
               +--------+--------+--------+--------+--------+-----+--------+

Top non-repeatable levels by time:
     D:6: 893 daAuts
     D:4: 655 daAuts
     D:5: 550 daAuts
     D:3: 325 daAuts
  Temple: 283 daAuts
     D:2: 241 daAuts
     D:1: 157 daAuts
     D:7: 13 daAuts
